 Dungeon Crawl Stone Soup version 0.28.0 (webtiles) character file.

Game seed: 3917645760689572064

4809 Host24 the Quickloader (level 10, -3/64 HPs)
             Began as a Kobold Hunter on Mar 5, 2022.
             Was a Priest of Okawaru.
             Slain by a shadow (5 damage)
             ... on level 9 of the Dungeon.
             The game lasted 00:33:20 (13746 turns).

Host24 the Quickloader (Kobold Hunter)             Turns: 13746, Time: 00:33:20

Health: -3/64      AC: 22    Str: 21    XL:     10   Next: 76%
Magic:  14/14      EV: 12    Int: 13    God:    Okawaru [***...]
Gold:   667        SH:  0    Dex: 19    Spells: 9/9 levels left

rFire   . . .      SeeInvis .   a - +1 hand crossbow
rCold   + . .      Faith    .   (no shield)
rNeg    . . .      Spirit   .   o - +7 plate armour of Daisies {rPois}
rPois   +          Reflect  .   m - +0 helmet
rElec   .          Harm     .   E - +0 cloak
rCorr   .          Rampage  .   g - +1 pair of gloves
Will    .....                   (no boots)
Stlth   ..........              (no amulet)
HPRegen 0.20/turn               A - +6 ring of strength
MPRegen 0.14/turn               L - ring "Loenoh" {rC+ Str+2 Dex+3}

@: about to teleport
A: small, no large weapons, nightstalker 3
a: Renounce Religion, Heroism


You were on level 9 of the Dungeon.
You worshipped Okawaru.
Okawaru was most pleased with you.
You visited 2 branches of the dungeon, and saw 10 of its levels.
You also visited: Bailey.

You collected 763 gold pieces.
You spent 96 gold pieces at shops.

Inventory:

Hand Weapons
 a - a +1 hand crossbow (weapon)
 f - a +1 short sword of venom
 k - a +2 dagger of venom
 n - a +1 rapier of venom
 w - a +4 whip
 x - a +2 short sword of freezing
Missiles
 c - 2 boomerangs of dispersal
 d - 8 bolts (quivered ammo)
 e - 217 stones
 i - 186 arrows
 p - 11 boomerangs
 z - 24 sling bullets
 M - 32 poisoned darts
Armour
 g - a +1 pair of gloves (worn)
 m - a +0 helmet (worn)
 o - the +7 plate armour of Daisies (worn) {rPois}
   (You found it in a bailey)

   rPois:     It protects you from poison.
 E - a +0 cloak (worn)
 G - +0 steam dragon scales
 H - a +2 leather armour of poison resistance
 I - a +1 robe of positive energy
 N - quicksilver dragon scales
Jewellery
 s - a ring of resist corrosion
 A - a +6 ring of strength (left hand)
 C - a +6 ring of dexterity
 L - the ring "Loenoh" (right hand) {rC+ Str+2 Dex+3}
   (You found it in a bailey)

   [ring of protection from cold]

   Str:       It affects your strength (+2).
   Dex:       It affects your dexterity (+3).
   rC:        It protects you from cold.
 Q - a ring of fire
Wands
 r - a wand of iceblast (3)
 K - a wand of paralysis (9)
 P - a wand of flame (19)
Scrolls
 b - 2 scrolls of silence {unknown}
 j - a scroll of fear {unknown}
 q - 2 scrolls of immolation {unknown}
 u - a scroll of teleportation
 y - a scroll of fog
 B - a scroll of torment {unknown}
 O - a scroll of identify
Potions
 h - 2 potions of haste {unknown}
 l - 2 potions of brilliance {unknown}
 t - a potion of lignification
 v - a potion of resistance
 D - a potion of might {unknown}
 F - a potion of berserk rage {unknown}


   Skills:
 - Level 8.0 Fighting
 - Level 11.0 Crossbows
 + Level 3.2 Armour
 - Level 8.2 Dodging
 - Level 1.3 Stealth
 - Level 6.1 Invocations
 - Level 4.5 Evocations


You had 9 spell levels left.
You didn't know any spells.
Your spell library contained the following spells:

 Spells                   Type           Power      Damage    Failure   Level
 Sting                    Tmut/Pois      0%         1d3       100%        1
 Ensorcelled Hibernation  Hex/Ice        0%         N/A       100%        2
 Passwall                 Tmut/Erth      0%         N/A       100%        2
 Poisonous Vapours        Pois/Air       0%         N/A       100%        2
 Scorch                   Fire           0%         2d5       100%        2
 Sublimation of Blood     Necr           0%         N/A       100%        2
 Wereblood                Tmut           0%         N/A       100%        2
 Dazzling Flash           Conj/Hex       0%         N/A       100%        3
 Inner Flame              Hex/Fire       0%         N/A       100%        3
 Portal Projectile        Hex/Tloc       0%         N/A       100%        3
 Swiftness                Air            0%         N/A       100%        3
 Cause Fear               Hex            0%         N/A       100%        4
 Flame Wave               Conj/Fire      0%         2d4       100%        4
 Leda's Liquefaction      Hex/Erth       0%         N/A       100%        4
 Olgreb's Toxic Radiance  Pois           0%         N/A       100%        4
 Agony                    Necr           0%         N/A       100%        5
 Silence                  Hex/Air        0%         N/A       100%        5
 Discord                  Hex            0%         N/A       100%        8
 Simulacrum               Ice/Necr       Unusable   N/A       N/A         6
 Summon Cactus Giant      Summ           Unusable   N/A       N/A         6
 Summon Hydra             Summ           Unusable   N/A       N/A         7

Dungeon Overview and Level Annotations

Branches:
Dungeon (9/15)             Temple (1/1) D:5          Bailey (visited)
   Lair: D:8-11         Orc: D:9-12

Altars:
Ashenzari
Cheibriados
Dithmenos
Elyvilon
Fedhas
Gozag
Hepliaklqana
Kikubaaqudgha
Makhleb
Nemelex Xobeh
Okawaru
Qazlal
Ru
Sif Muna
Uskayaw
Vehumet
Wu Jian
Xom
Yredelemnul
The Shining One

Shops:
D:2 (   D:5 ?   D:8 :

Annotations:
D:8 3 runed translucent doors, cpf86's ghost, novice FoFi


Innate Abilities, Weirdness & Mutations

You are small and have problems with some larger weapons.
You are completely attuned to the shadows.


Message History

Fire: 13 bolts
Press: ? - help, Q - select action, (/) - cycle Shift-Dir - straight line, f - shadow
Aim: a shadow (lightly damaged, 73% to hit)
You shoot a bolt. The bolt hits the shadow!
The shadow is severely damaged.
The shadow hits you.
The orc priest invokes the aid of Beogh against you.
Beogh smites you!
Fire: 12 bolts
Press: ? - help, Q - select action, (/) - cycle Shift-Dir - straight line, f/p - shadow
Aim: a shadow (severely damaged, 73% to hit)
You shoot a bolt. The bolt hits the shadow.
The shadow is almost destroyed.
The shadow hits you.
Fire: 11 bolts
Press: ? - help, Q - select action, (/) - cycle Shift-Dir - straight line, f/p - shadow
Aim: a shadow (almost destroyed, 73% to hit)
You shoot a bolt. The bolt hits the shadow.
The shadow is almost destroyed.
The shadow slips into darkness.
The shadow flickers and vanishes!
Deactivating autopickup; reactivate with Ctrl-A.
Fire: 10 bolts
Press: ? - help, Q - select action, (/) - cycle Shift-Dir - straight line, f - orc priest
Aim: an orc priest, wielding a +0 mace and wearing a +0 leather armour (almost dead, 73% to hit)
You shoot a bolt.
The shadow strikes at you from the darkness!
* * * LOW HITPOINT WARNING * * *
Reactivating autopickup.
Fire: 9 bolts
Press: ? - help, Q - select action, (/) - cycle Shift-Dir - straight line, f/p - orc priest
Aim: an orc priest, wielding a +0 mace and wearing a +0 leather armour (almost dead, 73% to hit)
You shoot a bolt. The bolt barely misses the shadow.
The bolt barely misses the orc priest.
The shadow hits you.
* * * LOW HITPOINT WARNING * * *
Okay, then.
As you read the scroll of teleportation, it crumbles to dust.
You feel strangely unstable. The shadow hits you.
You die...

#..# .......# #..#
........# #..#
........# #.>#
........# #..#
....$...# #..#
......).## #..#
.........########..#
...#####oW@........#
.#. #.########### #
#.## ..# .#


You could see a shadow and an orc priest.

Vanquished Creatures
  An orc knight (Bailey)
  2 wyverns (D:6)
  A steam dragon (D:7)
  Edmund (D:5)
  An acid dragon (D:8)
  A black bear (D:6)
  A sky beast (D:7)
  6 orc warriors
  2 ice beasts (D:7)
  4 ogres
  4 centaurs
  4 bullfrogs
  4 kobold brigands
  A gnoll sergeant (D:8)
  2 scorpions
  A wyvern skeleton (D:5)
  A water moccasin skeleton (D:4)
  4 wights (D:8)
  2 bullfrog zombies
  A gnoll shaman (D:8)
  9 hounds
  3 orc priests
  A bullfrog skeleton (D:7)
  An iguana (D:5)
  13 orc wizards
  A hound skeleton (D:5)
  Robin (D:3)
  4 gnolls (D:8)
  A howler monkey skeleton (D:6)
  10 adders
  4 worms
  A dart slug (D:9)
  46 orcs
  4 endoplasms
  2 giant cockroaches
  21 goblins
  19 hobgoblins
  8 jackals
  35 kobolds
  A quokka (D:3)
  12 ball pythons
  A bat (D:3)
  5 frilled lizards
  4 rats
251 creatures vanquished.

Vanquished Creatures (others)
  An orc wizard (D:8)
  48 plants
49 creatures vanquished.

Grand Total: 300 creatures vanquished

Notes
Turn   | Place    | Note
-------+----------+-------------------------------------------
     0 | D:1      | Host24 the Kobold Hunter began the quest for the Orb.
     0 | D:1      | Reached XP level 1. HP: 12/12 MP: 1/1
    60 | D:1      | Reached skill level 5 in Crossbows
   511 | D:1      | Reached XP level 2. HP: 18/18 MP: 2/2
  1061 | D:1      | Reached XP level 3. HP: 23/23 MP: 3/3
  1232 | D:1      | Got the Handbook of Captivating Unholy Rites
  1687 | D:2      | Reached XP level 4. HP: 19/28 MP: 4/4
  1864 | D:2      | Reached skill level 6 in Crossbows
  2186 | D:2      | Reached XP level 5. HP: 18/32 MP: 5/5
  2593 | D:2      | Found Veun's Weapon Shop.
  2617 | D:2      | Reached skill level 7 in Crossbows
  3006 | D:2      | Found a faded altar of an unknown god.
  3233 | D:3      | Noticed an ogre
  3302 | D:2      | Killed an ogre
  3303 | D:2      | Reached skill level 8 in Crossbows
  3303 | D:2      | Reached XP level 6. HP: 6/37 MP: 6/6
  4020 | D:3      | Noticed Robin
  4026 | D:3      | Killed Robin
  4148 | D:3      | You fall into a shaft and drop 2 floors!
  4148 | D:5      | Entered Level 5 of the Dungeon
  4997 | D:4      | Reached skill level 9 in Crossbows
  4997 | D:4      | Reached XP level 7. HP: 41/41 MP: 7/7
  6141 | D:5      | Reached skill level 10 in Crossbows
  6374 | D:5      | Noticed Edmund
  6471 | D:5      | Reached XP level 8. HP: 40/48 MP: 8/8
  6545 | D:5      | Found a staircase to the Ecumenical Temple.
  6554 | Temple   | Entered the Ecumenical Temple
  6652 | Temple   | Became a worshipper of Warmaster Okawaru
  6681 | D:5      | Found Umuixif's Magic Scroll Shoppe.
  6818 | D:5      | Bought a scroll of identify for 24 gold pieces
  6818 | D:5      | Bought a scroll of teleportation for 36 gold pieces
  6818 | D:5      | Bought a scroll of teleportation for 36 gold pieces
  7005 | D:5      | Killed Edmund
  7006 | D:5      | Reached skill level 5 in Fighting
  7348 | D:5      | Found an ornate altar of the Wu Jian Council.
  7651 | D:6      | Noticed a wyvern
  7664 | D:6      | Killed a wyvern
  7782 | D:6      | Reached * piety under Okawaru
  7783 | D:6      | Reached skill level 1 in Invocations
  7974 | D:6      | Noticed a wyvern
  7989 | D:6      | Killed a wyvern
  7990 | D:6      | Reached XP level 9. HP: 18/57 MP: 10/12
  8227 | D:6      | Reached skill level 5 in Invocations
  8648 | D:6      | Found a blossoming altar of Fedhas.
  8694 | D:6      | Found a hide-covered altar of Uskayaw.
  8972 | D:7      | Reached skill level 5 in Dodging
  9022 | D:7      | Found a basalt altar of Yredelemnul.
  9496 | D:7      | Found a shimmering blue altar of Sif Muna.
  9796 | D:7      | Reached ** piety under Okawaru
 10062 | D:7      | Found a shimmering altar of Xom.
 10385 | D:7      | Found a glowing golden altar of the Shining One.
 10456 | D:8      | Found a flagged portal.
 10505 | D:8      | Found a shadowy altar of Dithmenos.
 10530 | Bailey   | Entered a bailey
 10595 | Bailey   | Reached XP level 10. HP: 22/63 MP: 14/14
 11475 | Bailey   | Reached skill level 11 in Crossbows
 11487 | Bailey   | Noticed an orc knight
 11566 | Bailey   | Identified the +7 plate armour of Daisies {rPois}
 11568 | Bailey   | Identified the ring "Loenoh" {rC+ Str+2 Dex+3}
 11623 | Bailey   | Killed an orc knight
 12014 | D:8      | Found an opulent altar of Gozag.
 12162 | D:8      | Reached skill level 1 in Armour
 12202 | D:8      | Reached *** piety under Okawaru
 12448 | D:8      | Found a runed translucent gate.
 12449 | D:8      | Found a runed translucent gate.
 12450 | D:8      | Found a runed translucent gate.
 12628 | D:8      | Found Vygiupp's Book Shop.
 12690 | D:8      | Noticed a ten-headed hydra
 12690 | D:8      | Noticed an 11-headed hydra
 12691 | D:8      | Noticed cpf86's ghost (novice FoFi)
 13116 | D:8      | HP: 3/64 [orc priest/nerve-wracking pain (4)]
 13406 | D:9      | Noticed a two-headed ogre
 13565 | D:9      | Found a snail-covered altar of Cheibriados.
 13745 | D:9      | HP: 2/64 [shadow (4)]
 13746 | D:9      | Slain by a shadow

Illustrated notes

Levels and vault maps discovered:
D:1:      co_arrival_random_square_maze, layout_loops_corners,
          nicolae_figureground_sparkle
D:2:      layout_basic, hellmonk_ecumenical_altar_arch_garden, serial_shops,
          shop_coins
D:3:      layout_loops_corners, serial_bayou, serial_bayou_shore_b,
          serial_bayou_lagoon_b, serial_bayou_pond_d, serial_bayou_pond_c,
          serial_bayou_pond_b, uniq_robin
D:4:      layout_basic
D:5:      layout_cave_pods, nicolae_wu_jian_wuxing_cycle,
          minmay_temple_entry_mist, serial_shops, shop_scrolls,
          amcnicky_mini_rare_corridor_liquid, corexii_leaking_fountain,
          uniq_edmund
D:6:      layout_basic, mainiacjoe_overflow_alcove_2,
          eat_drink_and_be_merry_uskayaw, minmay_between
D:7:      layout_loops_ring, nicolae_tso_carved_into_rock,
          mainiacjoe_overflow_surrounded_room, lemuel_crystal_altar,
          xom_teletrap_fun
D:8:      kennysheep_housing_project, layout_basic, grunt_dithmenos_smoke,
          mainiacjoe_overflow_six_doors_small, enter_bailey_5, serial_shops,
          shop, gammafunk_ghost_hydra_chop
D:9:      layout_loops_ring, kennysheep_little_box, kennysheep_slug_shrine,
          zin_statuary, hex_tiny, minmay_mirror_moons_of_madness
Temple:   zaba_magenta_temple

Skill      XL: |  1  2  3  4  5  6  7  8  9 10 |
---------------+-------------------------------+-----
Crossbows      | 5 6 8 9 10 11 | 11.0
Fighting       | 3 4 7 8 |  8.0
Dodging        | 3 8 |  8.2
Invocations    | 4 6 |  6.1
Evocations     | 4 |  4.5
Armour         | 3 |  3.2
Stealth        | |  1.3

Action                   |  1- 3 |  4- 6 |  7- 9 | 10-12 || total
-------------------------+-------+-------+-------+-------++-------
Melee: Short sword       |    92 |    99 |     5 |       ||   196
       Punch             |       |     2 |     5 |     3 ||    10
       Dagger            |       |    64 |   298 |   279 ||   641
       Whip              |       |       |    50 |    11 ||    61
 Fire: Hand crossbow     |       |    18 |    52 |    31 ||   101
Throw: Boomerang         |       |       |       |    40 ||    40
       Dart              |       |       |       |    10 ||    10
Invok: Heroism           |       |       |     2 |       ||     2
Evoke: Wand              |       |       |       |     5 ||     5
  Use: Scroll            |       |       |     6 |     2 ||     8
       Potion            |       |       |     1 |     1 ||     2
 Stab: Sleeping          |    15 |     8 |    11 |       ||    34
       Distracted        |       |     2 |       |       ||     2
Armor: Leather armour    |    16 |    39 |    90 |     6 ||   151
       Steam dragon scal |       |       |    11 |       ||    11
       Plate armour      |       |       |       |   153 ||   153
Dodge: Dodged            |    57 |   121 |   331 |   220 ||   729
